 Dungeon Crawl Stone Soup version 0.31-a0-859-g9dce7d3444 (webtiles) character file.

Game seed: 16648255994524545186

136 Newt the Trooper (level 5, -6/35 HPs)
             Began as a Gargoyle Fighter on Oct 9, 2023.
             Mangled by an ogre
             ... wielding a +0 giant spiked club
              (16 damage)
             ... on level 4 of the Dungeon.
             The game lasted 00:02:16 (3010 turns).

Newt the Trooper (Gargoyle Fighter)                 Turns: 3010, Time: 00:02:16

Health: -6/35      AC: 13    Str: 21    XL:     5   Next: 19%
Magic:  5/5        EV: 10    Int:  9    God:
Gold:   156        SH:  5    Dex:  9    Spells: 4/4 levels left

rFire   . . .        f - +2 whip (holy)
rCold   . . .        c - +1 buckler
rNeg    + . .        l - +3 leather armour
rPois   ∞            (no helmet)
rElec   +            (no cloak)
rCorr   .            (no gloves)
SInv    .            e - +2 pair of boots
Will    .....        (no amulet)
Stlth   +            (no ring)
HPRegen 0.25/turn    (no ring)
MPRegen 0.09/turn

%: no passive effects
@: no status effects
A: sickness immunity, AC +4, negative energy resistance 1, electricity
resistance, torment resistance 1, petrification resistance
a: no special abilities


You were on level 4 of the Dungeon.
You visited 1 branch of the dungeon, and saw 4 of its levels.

You collected 156 gold pieces.

Inventory:

Hand Weapons
 a - a +0 flail
 f - a +2 whip of holy wrath (weapon)
Missiles
 r - 5 javelins
 s - 2 poisoned darts
Armour
 b - a +0 scale mail
 c - a +1 buckler (worn)
 e - a +2 pair of boots (worn)
 l - a +3 leather armour (worn)
Talismans
 k - a maw talisman
Scrolls
 h - a scroll of fog
 o - a scroll of enchant armour
 t - a scroll of immolation {unknown}
 v - a scroll of teleportation {unknown}
Potions
 d - 2 potions of might
 g - a potion of degeneration
 i - a potion of lignification {unknown}
 j - a potion of resistance {unknown}
 m - a potion of mutation {unknown}
 n - a potion of enlightenment {unknown}
 p - a potion of curing {unknown}
 u - a potion of heal wounds {unknown}


   Skills:
 - Level 5.0 Fighting
 + Level 3.9 Maces & Flails
 - Level 3.2 Armour
 - Level 3.2 Shields


You had 4 spell levels left.
You didn't know any spells.
Your spell library contained the following spells:

 Spells                   Type           Power      Damage    Failure   Level
 Poisonous Vapours        Pois/Air       0%         N/A       65%         2
 Mephitic Cloud           Conj/Pois/Air  0%         N/A       86%         3
 Freezing Cloud           Conj/Ice/Air   0%         6-21      100%        5


Dungeon Overview and Level Annotations

Branches:
Dungeon (4/15)
 Temple: D:4-7

Altars:
Kikubaaqudgha
Nemelex Xobeh
The Shining One


Innate Abilities, Weirdness & Mutations

You are immune to sickness and miasma.
Your stone body is resilient. (AC +4)
You are immune to poison.
You resist negative energy. (rN+)
You are resistant to electric shocks. (rElec)
You are resistant to unholy torment.
You are immune to petrification.


Message History

The ogre hits you with a +0 giant spiked club!
You hit the ogre.
The ogre is lightly wounded.
You hit the ogre.
The ogre is moderately wounded.
The ogre hits you with a +0 giant spiked club!
* * * LOW HITPOINT WARNING * * *
That's the wrong kind of item! (Use * to select it.) Fire/throw/use which item? ([*] to toss any item) (? for menu, Esc to quit)
Okay, then.
Throw: 2 throwing nets
Press: ? - help, Shift-Dir - straight line, f/p - ogre
Aim: an ogre, wielding a +0 giant spiked club (moderately wounded, 70% to hit)
You throw a throwing net. The throwing net hits the ogre.
The ogre is caught in the net!
The ogre is moderately wounded.
The ogre struggles against the net.
You hit the ogre.
The ogre is moderately wounded.
The ogre struggles against the net.
You hit the ogre.
The ogre is heavily wounded.
The ogre struggles against the net.
You hit the ogre but do no damage.
The ogre is heavily wounded.
You hit the ogre.
The ogre is heavily wounded.
The ogre struggles against the net.
You hit the ogre.
The ogre is severely wounded.
The ogre struggles against the net.
The net rips apart, and the ogre comes free!
Unknown command.
Throw: throwing net
Press: ? - help, Shift-Dir - straight line, f/p - ogre
Aim: an ogre, wielding a +0 giant spiked club (severely wounded, 70% to hit)
You throw a throwing net.
The throwing net closely misses the ogre.
The ogre hits you with a +0 giant spiked club!
You die...

...<..#
#.###..#
###...#
#.####......#
.... #
#...........#
##...
#######.######
# ...
#.......# # ..
..#####.# .
#.#
##########.#
(....(O@...#
############


You could see an ogre.

Vanquished Creatures
  A crimson imp (D:3)
  An iguana (D:4)
  3 worms
  An orc (D:4)
  8 endoplasms
  2 giant cockroaches
  4 goblins
  5 hobgoblins
  4 jackals (D:2)
  8 kobolds
  A quokka (D:3)
  3 ball pythons
  5 bats
  A frilled lizard (D:3)
  2 goblin zombies (D:3)
  3 hobgoblin zombies (D:3)
  3 kobold skeletons (D:3)
  2 kobold zombies (D:3)
  An orc zombie (D:3)
  8 rats
66 creatures vanquished.

Notes
Turn   | Place    | Note
-------+----------+-------------------------------------------
     0 | D:1      | Newt the Gargoyle Fighter began the quest for the Orb.
     0 | D:1      | Reached XP level 1. HP: 14/14 MP: 1/1
   178 | D:1      | Reached XP level 2. HP: 20/20 MP: 2/2
   184 | D:1      | Reached skill level 4 in Fighting
   212 | D:1      | You fall into a shaft and drop 1 floor!
   989 | D:2      | Reached XP level 3. HP: 24/24 MP: 3/3
  1738 | D:2      | Reached skill level 5 in Fighting
  1892 | D:3      | Found a glowing golden altar of the Shining One.
  1917 | D:3      | Reached XP level 4. HP: 31/31 MP: 4/4
  2310 | D:3      | Found a sparkling altar of Nemelex Xobeh.
  2741 | D:4      | Found an ancient bone altar of Kikubaaqudgha.
  2909 | D:4      | Reached XP level 5. HP: 18/35 MP: 5/5
  2996 | D:4      | Noticed an ogre
  3010 | D:4      | Mangled by an ogre

Illustrated notes

Levels and vault maps discovered:
D:1:      erik_arrival_blinker_ship, layout_loops_ring, minmay_misc_feat_alley
D:2:      layout_basic, serial_forest, infiniplex_forest_clump_curved,
          infiniplex_forest_zigzag_1, infiniplex_forest_zigzag_1,
          infiniplex_forest_end_3, infiniplex_forest_end_2,
          infiniplex_forest_lined_2, infiniplex_forest_zigzag_1
D:3:      layout_basic, nemelex_diamond_rough_becter,
          nicolae_tso_besieged_by_evil
D:4:      layout_loops_ring, kiku_gazebo_pond_becter, nrook_uturn

Skill      XL: |  1  2  3 |
---------------+----------+-----
Fighting       | 4 5 |  5.0
Maces & Flails | 3 |  3.9
Armour         | |  3.2
Shields        | |  3.2

Action                     |  1- 3 |  4- 6 || total
---------------------------+-------+-------++-------
  Melee: Whip              |   130 |    71 ||   201
         Flail             |     1 |       ||     1
  Throw: Throwing net      |       |     2 ||     2
         Dart              |       |     1 ||     1
    Use: Scroll            |       |     3 ||     3
 Armour: Scale mail        |    30 |       ||    30
         Leather armour    |    37 |    20 ||    57
  Dodge: Dodged            |    53 |    24 ||    77
  Block: Buckler           |    30 |    11 ||    41

Table legend: (Time is in decaauts)
 A = Elapsed time spent in this place.
 B = Non-inter-level travel time spent in this place.
 C = Inter-level travel time spent in this place.
 D = Time resting spent in this place.
 E = Time spent auto-exploring this place.
 F = Levels seen in this place.
 G = Mean time per level.
                   A        B        C        D        E       F      G
               +--------+--------+--------+--------+--------+-----+--------+
         Total |   3010 |   2761 |    249 |    169 |   2135 |   4 |  752.5 |
       Dungeon |   3010 |   2761 |    249 |    169 |   2135 |   4 |  752.5 |
               +--------+--------+--------+--------+--------+-----+--------+

Top non-repeatable levels by time:
     D:2: 1069 daAuts
     D:3: 830 daAuts
     D:1: 806 daAuts
     D:4: 303 daAuts
